 Dungeon Crawl Stone Soup version 0.28-a0-643-g84cb2ea78e (webtiles) character file.

Game seed: 17434322771888871761

411 timneilson the Covered (level 6, -2/48 HPs)
             Began as a Demonspawn Fighter on Oct 10, 2021.
             Was an Initiate of Okawaru.
             Slain by an unseen horror (7 damage)
             ... on level 5 of the Dungeon.
             The game lasted 00:06:21 (4621 turns).

timneilson the Covered (Demonspawn Fighter)         Turns: 4621, Time: 00:06:22

Health: -2/48      AC: 16    Str: 18    XL:     6   Next: 58%
Magic:  6/6        EV:  7    Int:  9    God:    Okawaru [......]
Gold:   145        SH: 10    Dex: 13    Spells: 5/5 levels left

rFire   + . .      SeeInvis .   a - +1 long sword
rCold   + . .      Faith    .   c - +1 buckler
rNeg    . . .      Spirit   .   e - +0 chain mail
rPois   .          Reflect  .   l - +0 helmet
rElec   .          Harm     .   d - scarf {rC+ rF+}
rCorr   .          Rampage  .   i - +2 pair of gloves {archery}
Will    .....                   (no boots)
Stlth   ..........              (no amulet)
HPRegen 0.16/turn               (no ring)
MPRegen 0.10/turn               (no ring)

@: no status effects
A: hooves 1, yellow scales 2, condensation shield
a: Renounce Religion


You were on level 5 of the Dungeon.
You worshipped Okawaru.
Okawaru was noncommittal.
You visited 2 branches of the dungeon, and saw 6 of its levels.

You collected 145 gold pieces.

Inventory:

Hand Weapons
 a - a +1 long sword (weapon)
Armour
 c - a +1 buckler (worn)
 d - a scarf of resistance (worn)
 e - a +0 chain mail (worn)
 i - a +2 pair of gloves of archery (worn)
 l - a +0 helmet (worn)
Scrolls
 f - 2 scrolls of teleportation
 h - 3 scrolls of fog
Potions
 g - 2 potions of mutation


   Skills:
 + Level 3.7 Fighting
 * Level 3.5 Long Blades
 * Level 4.1 Armour
 + Level 1.8 Dodging
 * Level 4.1 Shields


You had 5 spell levels left.
You didn't know any spells.
Your spell library contained the following spells:

 Spells                   Type           Power      Damage    Failure   Level
 Dazzling Flash           Conj/Hex       0%         N/A       100%        3
 Agony                    Necr           0%         N/A       100%        5
 Silence                  Hex/Air        0%         N/A       100%        5
 Conjure Ball Lightning   Conj/Air       0%         3x3d6     100%        6
 Discord                  Hex            0%         N/A       100%        8
 Disjunction              Tloc           0%         N/A       100%        8


Dungeon Overview and Level Annotations

Branches:
Dungeon (5/15)             Temple (1/1) D:4

Altars:
Ashenzari
Cheibriados
Dithmenos
Elyvilon
Fedhas
Gozag
Hepliaklqana
Kikubaaqudgha
Makhleb
Nemelex Xobeh
Okawaru
Qazlal
Ru
Sif Muna
Trog
Uskayaw
Vehumet
Xom
Yredelemnul
Zin
The Shining One

Shops:
D:4 =


Innate Abilities, Weirdness & Mutations

You have large cloven feet.
You are mostly covered in yellow scales. (AC +3)
A meltable shield of frost defends you. (SH +4)


Message History

Something hits you. Something hits you but does no damage.
You hit something. Something hits you but does no damage.
You closely miss something. You kick something.
Something hits you but does no damage. You block something's attack.
Something hits you but does no damage.
You hit something but do no damage. You kick something.
You block something's attack.
Something hits you but does no damage. x2
You barely miss something. Your kick misses something. Something hits you.
Something hits you but does no damage.
You completely miss something. Your kick misses something.
Something hits you but does no damage. Something hits you but does no damage.
You block something's attack.
You hit something but do no damage. Something hits you!
* * * LOW HITPOINT WARNING * * *
Something hits you but does no damage. x2
You hit something but do no damage.
Something hits you but does no damage. x2
Something hits you.
* * * LOW HITPOINT WARNING * * *
You closely miss something. Something hits you but does no damage.
Something hits you.
* * * LOW HITPOINT WARNING * * *
You feel much better.
Something hits you but does no damage. x2
Something completely misses you. Something hits you but does no damage.
Something hits you but does no damage.
You miss something. You kick something. Something hits you.
Something hits you but does no damage.
Something hits you but does no damage. x2
Something hits you but does no damage. x2
You closely miss something. You kick something. Something hits you!
* * * LOW HITPOINT WARNING * * *
Something hits you but does no damage.
You barely miss something. You kick something.
Something hits you but does no damage.
You miss something. Something hits you!
* * * LOW HITPOINT WARNING * * *
Something hits you but does no damage. x2
You hit something. Something hits you!
You die...

#. #..#### #. #......
#######
#.########..###.
.......####...........#
#.
.........##..#######.##
#. ...?...##..)..####.#
#. #....##..........#
#.
####...{###....######
#. ........>@......# #.
###.#....####...# #. #
#....# #...# #. #....#
#...# #. #....# #...#
#####. ###### #####
#.[..^ ##########.###.
#...........##.
#........>..##.


There were no monsters in sight!

Vanquished Creatures
  An ogre (D:4)
  A bullfrog zombie (D:5)
  2 centaur skeletons
  An orc priest (D:4)
  A hound (D:4)
  An iguana (D:4)
  2 orc wizards
  4 adders
  2 worms
  A dart slug (D:1)
  9 orcs
  4 ball pythons
  6 bats
  5 endoplasms
  A giant cockroach (D:2)
  3 goblins
  4 hobgoblins
  3 kobolds
  A quokka (D:1)
  6 frilled lizards
  A rat (D:1)
59 creatures vanquished.

Vanquished Creatures (others)
  An orc wizard (D:2)
1 creature vanquished.

Grand Total: 60 creatures vanquished

Notes
Turn   | Place    | Note
-------+----------+-------------------------------------------
     0 | D:1      | timneilson the Demonspawn Fighter began the quest for the
                  | Orb.
     0 | D:1      | Reached XP level 1. HP: 18/18 MP: 1/1
    68 | D:1      | Found a faded altar of an unknown god.
   239 | D:1      | Gained mutation: You have large cloven feet. [demonic
                  | ancestry]
   239 | D:1      | Reached XP level 2. HP: 24/24 MP: 2/2
   942 | D:2      | Gained mutation: You are partially covered in yellow
                  | scales. (AC +2) [demonic ancestry]
   942 | D:2      | Reached XP level 3. HP: 14/29 MP: 3/3
  1358 | D:2      | Reached XP level 4. HP: 21/35 MP: 4/4
  2134 | D:3      | Reached skill level 1 in Dodging
  2985 | D:4      | Gained mutation: A meltable shield of frost defends you.
                  | (SH +4) [demonic ancestry]
  2985 | D:4      | Reached XP level 5. HP: 7/41 MP: 5/5
  3384 | D:4      | Found Cituc's Jewellery Emporium.
  3444 | D:4      | Noticed an ogre
  3449 | D:4      | Killed an ogre
  3450 | D:4      | Gained mutation: You are mostly covered in yellow scales.
                  | (AC +3) [demonic ancestry]
  3450 | D:4      | Reached XP level 6. HP: 47/47 MP: 6/6
  3753 | D:4      | Found a staircase to the Ecumenical Temple.
  3759 | Temple   | Entered the Ecumenical Temple
  3848 | Temple   | Became a worshipper of Warmaster Okawaru
  4419 | D:5      | Entered Level 5 of the Dungeon
  4609 | D:5      | HP: 2/48 [something (5)]
  4621 | D:5      | Slain by an unseen horror

Illustrated notes

Levels and vault maps discovered:
D:1:      dpeg_arrival_simpleton_b, layout_loops_ring,
          shapermc_ecumenical_altar_starsandcircs
D:2:      layout_loops_ring, minmay_tromino_v7
D:3:      layout_basic
D:4:      layout_layer_cave, minmay_temple_entry_enclosed_plants, serial_shops,
          kennysheep_little_box
D:5:      layout_basic, serial_curves, eino_curves_01, eino_curves_02,
          uniq_menkaure
Temple:   compressed_dpeg_circular_temple

Skill      XL: |  1  2  3  4  5  6 |
---------------+-------------------+-----
Long Blades    | 2 3 |  3.5
Armour         | 3 4 |  4.1
Shields        | 3 4 |  4.1
Dodging        | 1 |  1.8
Fighting       | |  3.7

Action                   |  1- 3 |  4- 6 || total
-------------------------+-------+-------++-------
Melee: Long sword        |   107 |   105 ||   212
       Kick              |    18 |    27 ||    45
  Use: Scroll            |     3 |     5 ||     8
       Potion            |     4 |     3 ||     7
Armor: Scale mail        |    53 |       ||    53
       Chain mail        |       |    90 ||    90
Dodge: Dodged            |    35 |    25 ||    60
Block: Buckler           |    16 |    38 ||    54

Table legend: (Time is in decaauts)
 A = Elapsed time spent in this place.
 B = Non-inter-level travel time spent in this place.
 C = Inter-level travel time spent in this place.
 D = Time resting spent in this place.
 E = Time spent auto-exploring this place.
 F = Levels seen in this place.
 G = Mean time per level.
                   A        B        C        D        E       F      G
               +--------+--------+--------+--------+--------+-----+--------+
         Total |   4701 |   4531 |    170 |    275 |   3500 |   6 |  783.5 |
       Dungeon |   4596 |   4440 |    156 |    275 |   3444 |   5 |  919.2 |
        Temple |    104 |     90 |     14 |      0 |     56 |   1 |  104.0 |
               +--------+--------+--------+--------+--------+-----+--------+

Top non-repeatable levels by time:
     D:4: 1460 daAuts
     D:2: 1184 daAuts
     D:3: 893 daAuts
     D:1: 849 daAuts
     D:5: 208 daAuts
  Temple: 104 daAuts
